 Dungeon Crawl Stone Soup version 0.28-a0-998-gb9e9c7b67e (webtiles) character file.

Game seed: 3741374831533973548

1304 septik the Cleaver (level 8, -5/66 HPs)
             Began as a Minotaur Berserker on Dec 5, 2021.
             Was a Priest of Trog.
             Slain by Prince Ribbit (7 damage)
             ... on level 6 of the Dungeon.
             The game lasted 00:08:36 (3962 turns).

septik the Cleaver (Minotaur Berserker)             Turns: 3962, Time: 00:08:42

Health: -5/66      AC:  9    Str: 23    XL:     8   Next: 31%
Magic:  7/7        EV: 12    Int:  4    God:    Trog [***...]
Gold:   256        SH:  0    Dex: 11    Spells: 7/7 levels left

rFire   . . .      SeeInvis .   a - +1 hand axe
rCold   . . .      Faith    .   (no shield)
rNeg    . . .      Spirit   .   q - +0 troll leather armour {Pargi}
rPois   .          Reflect  .   (helmet restricted)
rElec   .          Harm     .   A - +0 cloak
rCorr   .          Rampage  .   (no gloves)
Will    ++...                   (no boots)
Stlth   +.........              d - amulet of regeneration
HPRegen 2.81/turn               j - +4 ring of protection
MPRegen 0.10/turn               (no ring)

@: strong-willed, on berserk cooldown, regenerating
A: horns 2, retaliatory headbutt
a: Renounce Religion, Berserk, Trog's Hand


You were on level 6 of the Dungeon.
You worshipped Trog.
Trog was most pleased with you.
You visited 1 branch of the dungeon, and saw 6 of its levels.
You also visited: Sewer.

You collected 256 gold pieces.

Inventory:

Hand Weapons
 a - a +1 hand axe (weapon)
Missiles
 n - 150 stones (quivered)
Armour
 i - a +0 chain mail
 o - a scarf of resistance
 q - a +0 troll leather armour (worn) {Pargi}
 A - a +0 cloak (worn)
Jewellery
 d - an amulet of regeneration (around neck)
 j - a +4 ring of protection (left hand)
 l - a ring of flight
Wands
 p - a wand of acid (18)
Scrolls
 c - a scroll of amnesia
 g - 4 scrolls of teleportation
 k - 4 scrolls of enchant weapon
 s - a scroll of noise
 u - a scroll of acquirement {unknown}
 v - a scroll of fog {unknown}
 w - a scroll of immolation {unknown}
 y - 3 scrolls of identify
 B - a scroll of torment {unknown}
Potions
 b - 2 potions of invisibility {unknown}
 e - 2 potions of cancellation
 f - a potion of ambrosia {unknown}
 h - 2 potions of heal wounds {unknown}
 m - 3 potions of magic {unknown}
 r - 3 potions of curing {unknown}
 t - 2 potions of resistance {unknown}
 x - a potion of flight {unknown}
 z - 2 potions of attraction {unknown}


   Skills:
 - Level 4.0 Fighting
 + Level 12.3 Axes
 - Level 2.5 Armour
 - Level 2.4 Dodging
 - Level 0.1 Stealth


You had 7 spell levels left.
You didn't know any spells.
Your spell library was empty.

Dungeon Overview and Level Annotations

Branches:
Dungeon (6/15)              Sewer (visited)
 Temple: D:4-7

Altars:
Cheibriados
Trog
Zin

Shops:
D:3 *

Annotations:
D:6 Prince Ribbit


Innate Abilities, Weirdness & Mutations

You have a pair of horns on your head.
You reflexively headbutt those who attack you in melee.


Message History

You hit Prince Ribbit. You headbutt Prince Ribbit.
Prince Ribbit is lightly wounded.
Prince Ribbit hits you!
You barely miss Prince Ribbit.
Prince Ribbit is lightly wounded.
Prince Ribbit hits you. Prince Ribbit barely misses you.
You furiously retaliate!
You headbutt Prince Ribbit! You closely miss Prince Ribbit.
Your headbutt misses Prince Ribbit.
Prince Ribbit is moderately wounded.
Prince Ribbit hits you!
You hit Prince Ribbit but do no damage.
Prince Ribbit is moderately wounded.
Prince Ribbit catches a baby bat with his tongue.
Prince Ribbit blinks!
Prince Ribbit hits you! Prince Ribbit barely misses you.
You furiously retaliate!
You headbutt Prince Ribbit.
Prince Ribbit hits you but does no damage.
Prince Ribbit hits you!
* * * LOW HITPOINT WARNING * * *
Prince Ribbit hits you but does no damage.
Prince Ribbit hits you!
* * * LOW HITPOINT WARNING * * *
Prince Ribbit hits you!
* * * LOW HITPOINT WARNING * * *
You see here a +0 giant club.
You are too injured to fight recklessly!
Your skin crawls.
You feel strong-willed. Prince Ribbit hits you.
* * * LOW HITPOINT WARNING * * *
Prince Ribbit hits you but does no damage.
Unknown command.
It was a potion of cancellation.
Your magical effects are unravelling.
You feel magically purged.
You feel yourself speed up. Prince Ribbit hits you.
* * * LOW HITPOINT WARNING * * *
Prince Ribbit hits you!
You die...

##.#### ##.##.# #..# #.#
....... #.....#####..#
#.#
##.########.........#..#
#.# ##..
.................# #.#
.#<# ###..8.8..###.# #.#
.#.# #.....>.......# #.#
.#.# #.#..8.8..##### #.#
.#.# #.#....F....... #.#
.#.# #.#...†@)...... #.#
.#.#
##.#.#.#.############.#
...#
#....#................#
#..#
#..###..#.#############
#.># #.......#.#
#########...<#..#.#
#.........#..#.#
#............#.#
#........###.#.#


You could see Prince Ribbit.

Vanquished Creatures
  A water moccasin (D:6)
  Pargi (Sewer)
  An orc warrior (D:6)
  5 ogres
  A phantom (D:6)
  A water moccasin skeleton (D:5)
  A howler monkey (D:6)
  A bullfrog zombie (D:5)
  A hound (D:5)
  An orc priest (D:3)
  2 bullfrog skeletons
  2 iguanas
  Robin (D:4)
  6 adders
  2 river rats (D:5)
  A shadow imp (D:5)
  3 white imps
  An adder skeleton (D:2)
  A worm (D:2)
  2 dart slugs
  7 orcs
  9 ball pythons
  8 endoplasms
  6 giant cockroaches
  12 goblins
  12 hobgoblins
  9 kobolds
  A quokka (D:4)
  7 bats
  6 frilled lizards
  7 rats
119 creatures vanquished.

Notes
Turn   | Place    | Note
-------+----------+-------------------------------------------
     0 | D:1      | septik the Minotaur Berserker began the quest for the Orb.
     0 | D:1      | Reached XP level 1. HP: 19/19 MP: 0/0
    35 | D:1      | Found a faded altar of an unknown god.
   383 | D:1      | Reached XP level 2. HP: 21/27 MP: 1/1
   674 | D:1      | Reached skill level 4 in Axes
  1452 | D:2      | Found a snail-covered altar of Cheibriados.
  1470 | D:2      | Reached XP level 3. HP: 33/33 MP: 2/2
  1544 | D:2      | Reached skill level 5 in Axes
  1558 | D:2      | Reached ** piety under Trog
  1797 | D:3      | Noticed an ogre
  1822 | D:3      | Killed an ogre
  1823 | D:3      | Reached skill level 6 in Axes
  1823 | D:3      | Reached XP level 4. HP: 10/40 MP: 3/3
  1823 | D:3      | Reached XP level 5. HP: 11/46 MP: 4/4
  2000 | D:3      | Found a glowing silver altar of Zin.
  2016 | D:3      | Reached skill level 7 in Axes
  2153 | D:3      | Found a bloodstained altar of Trog.
  2352 | D:3      | Found Poahiul's Assorted Antiques.
  2643 | D:4      | Reached XP level 6. HP: 52/52 MP: 5/5
  2718 | D:4      | Noticed Robin
  2730 | D:4      | Killed Robin
  2731 | D:4      | Reached skill level 8 in Axes
  3046 | D:5      | Entered Level 5 of the Dungeon
  3048 | D:5      | Reached *** piety under Trog
  3059 | D:5      | Reached skill level 9 in Axes
  3079 | D:5      | Reached XP level 7. HP: 56/59 MP: 6/6
  3186 | D:5      | Found a glowing drain.
  3192 | Sewer    | Entered a sewer
  3213 | Sewer    | Noticed Pargi
  3235 | Sewer    | Killed Pargi
  3236 | Sewer    | Reached skill level 10 in Axes
  3807 | D:6      | Reached skill level 11 in Axes
  3810 | D:6      | Reached XP level 8. HP: 66/66 MP: 7/7
  3916 | D:6      | Reached skill level 12 in Axes
  3947 | D:6      | Noticed Prince Ribbit
  3960 | D:6      | HP: 1/66 [Prince Ribbit (13)]
  3962 | D:6      | Slain by Prince Ribbit

Illustrated notes

Levels and vault maps discovered:
D:1:      dpeg_arrival_renting, layout_loops_corners,
          ebering_ecumenical_altar_rust
D:2:      layout_rooms, basic_altar
D:3:      layout_basic, mainiacjoe_overflow_paths, bloody_trog, serial_shops,
          shop
D:4:      layout_basic, serial_glass, glass_columns_a, glass_columns_a,
          uniq_robin
D:5:      layout_rooms, nicolae_overflow_hidden_temple, portal_sewer_entry_e
D:6:      layout_basic, gammafunk_ghost_grave, st_stairs_14,
          nicolae_shop_firing_range, uniq_prince_ribbit1

Skill      XL: |  1  2  3  4  5  6  7  8 |
---------------+-------------------------+-----
Fighting       | 4 |  4.0
Axes           | 4 6 7 9 11 12 | 12.3
Armour         | |  2.5
Dodging        | |  2.4
Stealth        | |  0.1

Action                   |  1- 3 |  4- 6 |  7- 9 || total
-------------------------+-------+-------+-------++-------
Melee: Hand axe          |    95 |    96 |   128 ||   319
       Headbutt          |    19 |    21 |    19 ||    59
Invok: Berserk           |     1 |     1 |     2 ||     4
       Trog's Hand       |       |       |     1 ||     1
  Use: Scroll            |     2 |     3 |       ||     5
       Potion            |       |       |     1 ||     1
Armor: Animal skin       |     6 |       |       ||     6
       Chain mail        |    24 |    32 |    44 ||   100
       Troll leather arm |       |       |    31 ||    31
Dodge: Dodged            |    46 |    32 |    50 ||   128

Table legend: (Time is in decaauts)
 A = Elapsed time spent in this place.
 B = Non-inter-level travel time spent in this place.
 C = Inter-level travel time spent in this place.
 D = Time resting spent in this place.
 E = Time spent auto-exploring this place.
 F = Levels seen in this place.
 G = Mean time per level.
                   A        B        C        D        E       F      G
               +--------+--------+--------+--------+--------+-----+--------+
         Total |   3994 |   3865 |    129 |     71 |   2917 |   7 |  570.6 |
       Dungeon |   3808 |   3679 |    129 |     71 |   2836 |   6 |  634.7 |
         Sewer |    185 |    185 |      0 |      0 |     80 |   1 |  185.0 |
               +--------+--------+--------+--------+--------+-----+--------+

Top non-repeatable levels by time:
     D:1: 1376 daAuts
     D:3: 633 daAuts
     D:4: 622 daAuts
     D:5: 561 daAuts
     D:2: 430 daAuts
   Sewer: 185 daAuts
     D:6: 184 daAuts
